 Dungeon Crawl Stone Soup version 0.15-a0-1485-g692b94f (webtiles) character file.

40 Quh the Magician (level 3, -4/24 HPs)
             Began as a Demonspawn Wizard on June 14, 2014.
             Slain by Sigmund
             ... wielding a +0,+0 scythe of venom
              (9 damage)
             ... on Level 2 of the Dungeon.
             The game lasted 00:07:58 (2736 turns).

Quh the Magician (Demonspawn Wizard)                Turns: 2736, Time: 00:07:59

HP  -4/24        AC  3     Str  8      XL: 3   Next: 30%
MP   1/8         EV 12     Int 19      God:
Gold 101         SH  0     Dex 11      Spells:  4 memorised,  1 level left

rFire  . . .     SeeInvis .     i - +0 dagger
rCold  . . .     Clarity  .     a - +0 robe
rNeg   . . .     rCorr    .     (no shield)
rPois  .         rRot     .     k - +1 hat
rElec  .         Spirit   .     (no cloak)
SustAb .         Warding  .     (no gloves)
rMut   .         Stasis   .     (no boots)
Gourm  .                        (no amulet)
MR     .....                    (no ring)
                                (no ring)

@: confused, lethally poisoned, not resistant to hostile enchantments,
unstealthy
A: nightstalker 1
a: no special abilities


You were on level 2 of the Dungeon.
You were hungry.

You visited 1 branch of the dungeon, and saw 2 of its levels.

You collected 101 gold pieces.

Inventory:

Hand weapons
 i - a +0,+0 dagger (weapon)
Missiles
 e - 21 stones (quivered)
Armour
 a - a +0 robe (worn)
 b - a +0 hat
 k - a +1 hat (worn)
Comestibles
 d - a bread ration
 f - a beef jerky
 h - a meat ration
Scrolls
 g - a scroll of amnesia {unknown}
 n - a scroll of remove curse {unknown}
 o - a scroll of noise {unknown}
Potions
 j - a potion of agility
 l - a potion of invisibility {unknown}
 m - a potion of haste {unknown}
Books
 c - a book of Minor Magic

   Spells                             Type                      Level
   *Magic Dart                        Conjuration                  1
   *Blink                             Translocation                2
   *Call Imp                          Summoning                    2
   *Repel Missiles                    Charms/Air                   2
   Slow                               Hexes                        2
   Conjure Flame                      Conjuration/Fire             3
   Mephitic Cloud                     Conjuration/Poison/Air       3


   Skills:
 + Level 1.7 Dodging
 + Level 2.1 Stealth
 - Level 3.4 Spellcasting
 * Level 1.8 Conjurations
 * Level 1.4 Summonings
 * Level 1.2 Translocations


You had one spell level left.
You knew the following spells:

 Your Spells              Type           Power        Failure   Level  Hunger
a - Magic Dart            Conj           ##..         10%         1    None
b - Blink                 Tloc           N/A          14%         2    ##.....
c - Call Imp              Summ           #.......     14%         2    ##.....
d - Repel Missiles        Chrm/Air       #.....       24%         2    ##.....


Dungeon Overview and Level Annotations

Branches:
Dungeon (2/15)

Altars:

Annotations:
D:2 Sigmund


Innate Abilities, Weirdness & Mutations

You are slightly more attuned to the shadows.


Message History

Your shadow imp appears confused.
Your crimson imp blinks!
The magic dart hits your shadow imp.
You see here a bat corpse.
Your crimson imp blinks!
Something hits you.
You hear some strange, mumbled words.
You are confused.
Your crimson imp blinks!
Are you sure you want to stumble around while confused and next to your crimson imp? [Y]es or [N]o only, please.
Are you sure you want to stumble around while confused and next to your crimson imp?
Okay, then.
Your shadow imp disappears in a puff of smoke!
Something hits you.
You are lethally poisoned!
The ooze hits you.
* * * LOW HITPOINT WARNING * * *
* * * LOW HITPOINT WARNING * * *
You feel sick. The ooze hits you but does no damage. Something hits you!
You die...

##...# #..#.#
###.##... #...#
#.#
####.######..
#...........
#.##.######
♣♣♣♣#####.##.#
.......5@....#
.......#J#####
..<...5.#{#####
.......§......#
............?..#
..............#
..............#
##...........
#?%.........


You could see an ooze and 2 friendly crimson imps.

Vanquished Creatures
  A ball python (D:1)
  2 goblins (D:1)
  5 hobgoblins (D:1)
  4 kobolds (D:1)
  6 bats
  5 giant cockroaches (D:1)
  2 giant newts (D:1)
  7 rats
32 creatures vanquished.

Vanquished Creatures (collateral kills)
  An adder (D:2)
  A giant cockroach (D:1)
  A hobgoblin (D:1)
  2 kobolds (D:1)
  A rat (D:2)
6 creatures vanquished.

Grand Total: 38 creatures vanquished

Notes
Turn   | Place    | Note
--------------------------------------------------------------
     0 | D:1      | Quh, the Demonspawn Wizard, began the quest for the Orb.
     0 | D:1      | Reached XP level 1. HP: 13/13 MP: 4/4
   612 | D:1      | Gained mutation: You are slightly more attuned to the shadows. [demonic ancestry]
   612 | D:1      | Reached XP level 2. HP: 2/19 MP: 0/6
  1100 | D:1      | Learned a level 2 spell: Blink
  1103 | D:1      | Learned a level 2 spell: Call Imp
  1106 | D:1      | Learned a level 2 spell: Repel Missiles
  1287 | D:1      | Reached skill level 1 in Translocations
  1846 | D:1      | Reached XP level 3. HP: 15/24 MP: 1/8
  2641 | D:2      | Noticed Sigmund
  2736 | D:2      | Slain by Sigmund

Action                   || total
-------------------------++-------
Melee: Unarmed           ||    23
       Dagger            ||     4
 Cast: Magic Dart        ||    80
       Call Imp          ||     8
